 Dungeon Sprint DCSS version 0.20.1-1-g8b1a95d (webtiles) character file.

19800 Fang the Severer (level 12, -20/136 HPs)
             Began as a Gargoyle Berserker on Oct 19, 2018.
             Was the Champion of Trog.
             Demolished by Meit the pandemonium lord (35 damage)
             ... in the Dungeon (Sprint VII: "The Pits").
             The game lasted 00:08:43 (3209 turns).

Fang the Severer (Gargoyle Berserker)               Turns: 3209, Time: 00:08:43

Health: -20/136    AC: 31    Str: 30    XL:     12   Next: 72%
Magic:  12/12      EV: 17    Int:  9    God:    Trog [******]
Gold:   10         SH:  0    Dex:  9    Spells: 11/11 levels left

rFire    . . .     SeeInvis .   o - +9 battleaxe (chop)
rCold    . . .     Gourm    .   (shield currently unavailable)
rNeg     + . .     Faith    .   q - +7 plate armour
rPois    ∞         Spirit   .   (no helmet)
rElec    +         Reflect  .   (no cloak)
rCorr    .         Harm     .   (no gloves)
MR       .....     NoTele   +   (no boots)
Stlth    ..........             (no amulet)
Regen    0.4/turn               s - +3 ring of evasion
MPRegen  0.2/turn               v - +3 ring of evasion

@: berserking (expiring), hasted, studying Bows, very quick
A: negative energy resistance 1, electricity resistance, unbreathing,
petrification resistance, rot immunity, AC +8
a: Berserk, Trog's Hand, Brothers in Arms, Burn Spellbooks, Renounce Religion


You were in the Dungeon.
You worshipped Trog.
Trog was exalted by your worship.
You were not hungry.

You visited 1 branch You collected 10 gold pieces.

Inventory:

Hand Weapons
 j - a +2 battleaxe of freezing
 o - a +9 battleaxe of chopping (weapon)
 p - a +7 antimagic executioner's axe
 r - a +6 battleaxe of venom
 w - a +1 battleaxe of draining
 E - a +1 battleaxe of flaming
Armour
 q - a +7 plate armour (worn)
Jewellery
 s - a +3 ring of evasion (left hand)
 v - a +3 ring of evasion (right hand)
 y - an uncursed ring of protection from cold
 A - an uncursed ring of protection from fire
Scrolls
 i - 3 scrolls of blinking
 k - 4 scrolls of remove curse
 l - a scroll of summoning
 C - 4 scrolls of enchant weapon
 D - a scroll of fear
Potions
 a - 2 potions of invisibility
 d - 9 potions of curing
 e - 8 potions of heal wounds
 f - a potion of haste
 g - 4 potions of magic
 h - 3 potions of berserk rage
 t - 4 potions of might
 u - a potion of brilliance
 x - 2 potions of resistance
 z - 3 potions of agility
Books
 b - a manual of Bows
Comestibles
 c - 6 bread rations
 m - 40 fruits
 n - 7 meat rations


   Skills:
 + Level 17.1 Fighting
 + Level 20.5 Axes
 + Level 13.0 Armour
 + Level 6.7 Dodging
 + Level 5.0 Stealth


You had 11 spell levels left.
You didn't know any spells.

Dungeon Overview and Level Annotations

Branches:
Dungeon (1/1)

Altars:
Ashenzari
Cheibriados
Dithmenos
Elyvilon
Fedhas
Gozag
Hepliaklqana
Kikubaaqudgha
Makhleb
Nemelex Xobeh
Okawaru
Qazlal
Ru
Sif Muna
Trog
Uskayaw
Vehumet
Xom
Yredelemnul
Zin
The Shining One
Beogh
Jiyva
Lugonu


Innate Abilities, Weirdness & Mutations

You are resistant to torment.
Your stone body is resilient. (AC +8)
You are immune to poison.
You resist negative energy. (rN+)
You are resistant to electric shocks. (rElec)
You can survive without breathing.
You are immune to petrification.
You are immune to rotting.


Message History

* * * LOW HITPOINT WARNING * * *
You closely miss Meit.
Meit is heavily wounded.
Meit hits you.
* * * LOW HITPOINT WARNING * * *
Meit freezes you.
* * * LOW HITPOINT WARNING * * *
Unknown command.
You completely miss Meit.
Meit is heavily wounded.
Meit hits you but does no damage.
Unknown command.
You slice Meit!!
Meit is heavily wounded.
Meit hits you but does no damage.
Unknown command.
You completely miss Meit.
Meit is heavily wounded.
Meit hits you!!
You die...

#+# #.# #&# #@#
#)# #.# #'# #.#
#)# #.# #'#
################'#


You could see Meit.

Vanquished Creatures
  A pearl dragon (D)
  Polyphemus (D)
  A storm dragon (D)
  2 balrugs (D)
  A merfolk javelineer (D)
  A death yak (D)
  A two-headed ogre (D)
  An unseen horror (D)
  A sea snake (D)
  2 lindwurms (D)
  A flayed ghost (D)
  2 manticores (D)
  A guardian serpent (D)
  An elephant (D)
  A smoke demon (D)
  An efreet (D)
  A kobold demonologist (D)
  A freezing wraith (D)
  A hellwing (D)
  A komodo dragon (D)
  A guardian mummy (D)
  A troll (D)
  A jumping spider (D)
  3 merfolk (D)
  Prince Ribbit (D)
  A polar bear (D)
  A redback (D)
  A vampire (D)
  A spriggan (D)
  A tarantella (D)
  A wraith (D)
  2 wyverns (D)
  A warg (D)
  A steam dragon (D)
  A soldier ant (D)
  2 large abominations (D)
  An ice beast (D)
  An eye of draining (D)
  A centaur (D)
  A wolf (D)
  A big kobold (D)
  A scorpion (D)
  A crimson imp (D)
  An iron imp (D)
  A gnoll shaman (D)
  An orc wizard (D)
  An orc priest (D)
  A worker ant (D)
  A hell rat (D)
  An adder (D)
  A river rat (D)
  2 white imps (D)
  An ufetubus (D)
  An ooze (D)
  2 adder zombies (D)
  3 orcs (D)
  A giant cockroach (D)
  A goblin (D)
  2 hobgoblins (D)
  4 jackals (D)
  A quokka (D)
  A ball python (D)
  A jackal skeleton (D)
  A kobold (D)
  A quokka zombie (D)
  A rat (D)
81 creatures vanquished.

Vanquished Creatures (collateral kills)
  A wandering mushroom (D)
  A phantom (D)
  An orc wizard (D)
  4 gnolls (D)
  An orc (D)
8 creatures vanquished.

Vanquished Creatures (others)
  A gnoll (D)
  An orc (D)
2 creatures vanquished.

Grand Total: 91 creatures vanquished

Notes
Turn   | Place    | Note
-------+----------+-------------------------------------------
     0 | D        | Fang the Gargoyle Berserker began the quest for the Orb.
     0 | D        | Reached XP level 1. HP: 14/14 MP: 1/1
    19 | D        | Reached skill level 3 in Axes
    87 | D        | Found a bloodstained altar of Trog.
    87 | D        | Found a deep blue altar of Sif Muna.
    87 | D        | Found a viscous altar of Jiyva.
    87 | D        | Found a hazy altar of Hepliaklqana.
    87 | D        | Found an opulent altar of Gozag.
   131 | D        | Reached XP level 2. HP: 9/20 MP: 2/2
   133 | D        | Reached ** piety under Trog
   346 | D        | Reached skill level 5 in Fighting
   352 | D        | Reached skill level 4 in Axes
   352 | D        | Reached XP level 3. HP: 25/26 MP: 3/3
   363 | D        | Reached *** piety under Trog
   372 | D        | Reached **** piety under Trog
   518 | D        | Found a glowing golden altar of the Shining One.
   518 | D        | Found a glowing silver altar of Zin.
   518 | D        | Found a basalt altar of Yredelemnul.
   518 | D        | Found a shimmering altar of Xom.
   518 | D        | Found a sacrificial altar of Ru.
   518 | D        | Found a stormy altar of Qazlal.
   518 | D        | Found an iron altar of Okawaru.
   518 | D        | Found a sparkling altar of Nemelex Xobeh.
   518 | D        | Found a burning altar of Makhleb.
   518 | D        | Found a blossoming altar of Fedhas.
   518 | D        | Found a white marble altar of Elyvilon.
   518 | D        | Found a shadowy altar of Dithmenos.
   518 | D        | Found a snail-covered altar of Cheibriados.
   519 | D        | Found a radiant altar of Vehumet.
   519 | D        | Found a corrupted altar of Lugonu.
   519 | D        | Found a roughly hewn altar of Beogh.
   520 | D        | Found a hide-covered altar of Uskayaw.
   520 | D        | Found an ancient bone altar of Kikubaaqudgha.
   520 | D        | Found a shattered altar of Ashenzari.
   547 | D        | Noticed an ice beast
   555 | D        | Killed an ice beast
   555 | D        | Reached ***** piety under Trog
   555 | D        | Reached skill level 6 in Axes
   555 | D        | Reached skill level 1 in Stealth
   555 | D        | Reached XP level 4. HP: 28/34 MP: 4/4
   555 | D        | Reached XP level 5. HP: 31/38 MP: 5/5
   563 | D        | Reached skill level 7 in Axes
   723 | D        | Noticed a warg
   731 | D        | Killed a warg
   731 | D        | Reached skill level 8 in Axes
   731 | D        | Reached XP level 6. HP: 28/45 MP: 6/6
   852 | D        | Received a gift from Trog
   932 | D        | Noticed a soldier ant
   932 | D        | Noticed a manticore
   937 | D        | Killed a soldier ant
   937 | D        | Reached skill level 9 in Axes
   937 | D        | Reached skill level 5 in Armour
   937 | D        | Reached skill level 5 in Dodging
   937 | D        | Reached XP level 7. HP: 51/51 MP: 7/7
   938 | D        | Killed a manticore
   938 | D        | Reached skill level 11 in Axes
   938 | D        | Reached XP level 8. HP: 57/57 MP: 8/8
  1118 | D        | Noticed a komodo dragon
  1123 | D        | Killed a komodo dragon
  1123 | D        | Reached skill level 10 in Fighting
  1192 | D        | Noticed Prince Ribbit
  1193 | D        | Noticed a redback
  1193 | D        | Noticed an elephant
  1193 | D        | Noticed a wyvern
  1198 | D        | Killed a redback
  1198 | D        | Reached ****** piety under Trog
  1198 | D        | Reached skill level 12 in Axes
  1198 | D        | Killed a wyvern
  1199 | D        | Killed an elephant
  1199 | D        | Received a gift from Trog
  1199 | D        | Reached skill level 13 in Axes
  1199 | D        | Reached XP level 9. HP: 63/63 MP: 9/9
  1202 | D        | Killed Prince Ribbit
  1205 | D        | Killed an unseen horror
  1205 | D        | Reached skill level 14 in Axes
  1258 | D        | Noticed a death yak
  1259 | D        | Noticed a manticore
  1264 | D        | Killed a manticore
  1268 | D        | Killed a death yak
  1268 | D        | Reached skill level 15 in Axes
  1268 | D        | Reached XP level 10. HP: 71/71 MP: 10/10
  1472 | D        | Noticed Polyphemus
  1472 | D        | Noticed a guardian serpent
  1477 | D        | Killed a guardian serpent
  1483 | D        | Killed Polyphemus
  1483 | D        | Received a gift from Trog
  1483 | D        | Reached skill level 16 in Axes
  1678 | D        | Noticed a two-headed ogre
  1686 | D        | Killed a two-headed ogre
  1686 | D        | Reached skill level 17 in Axes
  1686 | D        | Reached XP level 11. HP: 78/78 MP: 11/11
  1705 | D        | Noticed a sea snake
  1710 | D        | Killed a sea snake
  1710 | D        | Received a gift from Trog
  1710 | D        | Reached skill level 10 in Armour
  1787 | D        | Received a gift from Trog
  1793 | D        | Received a gift from Trog
  1793 | D        | Reached skill level 18 in Axes
  1798 | D        | Received a gift from Trog
  2018 | D        | Received a gift from Trog
  2023 | D        | Noticed a lindwurm
  2030 | D        | Killed a lindwurm
  2125 | D        | Reached skill level 15 in Fighting
  2159 | D        | Noticed a merfolk javelineer
  2169 | D        | Killed a merfolk javelineer
  2169 | D        | Received a gift from Trog
  2169 | D        | Reached skill level 19 in Axes
  2361 | D        | Noticed a flayed ghost
  2361 | D        | Noticed a lindwurm
  2370 | D        | Killed a flayed ghost
  2370 | D        | Reached XP level 12. HP: 48/88 MP: 12/12
  2715 | D        | Noticed a pearl dragon
  2725 | D        | Killed a pearl dragon
  2725 | D        | Received a gift from Trog
  2807 | D        | Noticed a balrug
  2812 | D        | Killed a balrug
  2812 | D        | Reached skill level 20 in Axes
  2890 | D        | Noticed a storm dragon
  2900 | D        | Killed a storm dragon
  2900 | D        | Reached skill level 5 in Stealth
  2938 | D        | Noticed a balrug
  2942 | D        | Killed a balrug
  3184 | D        | Noticed Meit the pandemonium lord
  3209 | D        | Demolished by Meit the pandemonium lord

Skill      XL: |  1  2  3  4  5  6  7  8  9 10 11 12 |
---------------+-------------------------------------+-----
Axes           | 3 4 6 8 9 11 13 15 17 19 20 | 20.5
Fighting       | 4 5 7 8 9 10 12 13 15 17 | 17.1
Dodging        | 2 3 4 5 6 |  6.7
Armour         | 3 4 5 7 8 9 11 13 | 13.0
Stealth        | 1 2 3 4 5 |  5.0

Action                   |  1- 3 |  4- 6 |  7- 9 | 10-12 || total
-------------------------+-------+-------+-------+-------++-------
Melee: Hand axe          |    49 |    18 |       |       ||    67
       Battleaxe         |       |    10 |    21 |   145 ||   176
Invok: Berserk           |     2 |     1 |     3 |     6 ||    12
       Brothers in Arms  |       |       |       |     1 ||     1
  Use: Potion            |       |       |       |     4 ||     4
       Scroll            |       |       |       |     5 ||     5
  Eat: Chunk             |       |     2 |     4 |     7 ||    13
       Bread ration      |       |       |       |     2 ||     2
Armor: Animal skin       |    22 |       |       |       ||    22
       Plate armour      |     6 |    23 |    23 |    86 ||   138
Dodge: Dodged            |    42 |     8 |    22 |   111 ||   183
